 Dungeon Crawl Stone Soup version 0.29-a0-1033-gb6c65ffae6 (webtiles) character file.

Game seed: 3344276217487250380

48 lesbiats the Ducker (level 4, -1/33 HPs)
             Began as a Djinni Fire Elementalist on Aug 14, 2022.
             Slain by Terence
             ... wielding a +0 mace
              (9 damage)
             ... on level 2 of the Dungeon.
             The game lasted 00:08:00 (2424 turns).

lesbiats the Ducker (Djinni Fire Elementalist)      Turns: 2424, Time: 00:08:00

Health: -1/33      AC:  2    Str:  7    XL:     4   Next: 0%
Gold:   71         EV: 13    Int: 19    God:
                   SH:  0    Dex: 19

rFire   + + .      SeeInvis .   f - staff of cold
rCold   . . .      Faith    .   (no shield)
rNeg    . . .      Spirit   .   a - +0 robe
rPois   ∞          Reflect  .   (no helmet)
rElec   .          Harm     .   (no cloak)
rCorr   .          Rampage  .   (no gloves)
Will    .....                   (boots unavailable)
Stlth   ++........              (no amulet)
HPRegen 0.11/turn               j - +6 ring of dexterity
MPRegen 0.00/turn               (no ring)

@: flying
A: sickness immunity, fire resistance 2, cold vulnerability 1, float, innate
caster, HP casting, extra vitality 1
a: no special abilities


You were on level 2 of the Dungeon.
You visited 1 branch of the dungeon, and saw 2 of its levels.

You collected 71 gold pieces.

Inventory:

Missiles
 b - 14 stones
Armour
 a - a +0 robe (worn)
 e - a +0 leather armour
Magical Staves
 f - a staff of cold (weapon)
Jewellery
 j - a +6 ring of dexterity (left hand)
Scrolls
 d - a scroll of teleportation {unknown}
 g - a scroll of poison {unknown}
 i - a scroll of silence {unknown}
 m - a scroll of noise {unknown}
Potions
 c - a potion of heal wounds {unknown}
 h - 3 potions of degeneration {unknown}
 k - a potion of mutation {unknown}
 l - a potion of flight {unknown}


   Skills:
 * Level 2.2 Fighting
 + Level 2.8 Dodging
 - Level 1.5 Stealth
 + Level 2.7 Spellcasting


You couldn't memorise any spells.
You knew the following spells:

 Your Spells              Type           Power      Damage    Failure   Level
a - Foxfire               Conj/Fire      52%        2x1d6     4%          1
b - Beastly Appendage     Tmut           26%        N/A       4%          1
c - Conjure Flame         Conj/Fire      13%        6-21      16%         3
d - Inner Flame           Hex/Fire       13%        N/A       16%         3
e - Flame Wave            Conj/Fire      13%        2d6       45%         4
f - Scorch                Fire           26%        2d6       8%          2
Your spell library was empty.

Dungeon Overview and Level Annotations

Branches:
Dungeon (2/15)

Altars:

Shops:
D:1 *

Annotations:
D:2 Terence


Innate Abilities, Weirdness & Mutations

You are immune to sickness and miasma.
You are immune to poison.
Your flesh is very heat resistant. (rF++)
You are vulnerable to cold. (rC-)
You float through the air rather than walking.
You learn spells naturally, not from books.
Your magical power is your life essence.
You have superior vitality. (+4 MHP)


Message History

Terence is moderately wounded.
The foxfire hits Terence but does no damage.
Terence is moderately wounded.
Terence closely misses you.
Casting: Foxfire (safe; 4% risk of failure)
Confirm with . or Enter, or press ? or * to list all spells.
Flames lash Terence.
Terence is severely wounded.
Terence's fire resistance burns away.
Terence hits you with a +0 mace!
Casting: Scorch (safe; 8% risk of failure)
Confirm with . or Enter, or press ? or * to list all spells.
You conjure some foxfire!
Terence hits you with a +0 mace.
The foxfire hits Terence but does no damage.
Terence is severely wounded.
The foxfire hits Terence.
Terence is burned terribly!
Terence is almost dead.
Terence closely misses you.
Casting: Foxfire (safe; 4% risk of failure)
Confirm with . or Enter, or press ? or * to list all spells.
You conjure some foxfire!
Terence hits you with a +0 mace.
* * * LOW HITPOINT WARNING * * *
Terence attacks as you move away! Terence barely misses you.
The foxfire hits Terence but does no damage.
Terence is almost dead.
The foxfire hits Terence but does no damage.
Terence is almost dead.
Casting: Foxfire (safe; 4% risk of failure)
Confirm with . or Enter, or press ? or * to list all spells.
You conjure some foxfire!
* * * LOW HITPOINT WARNING * * *
Terence is no longer more vulnerable to fire.
Terence closely misses you.
The foxfire hits Terence.
Terence is almost dead.
The foxfire hits Terence but does no damage.
Terence is almost dead.
You hit Terence but do no damage.
Terence is almost dead.
Terence hits you with a +0 mace!
You die...

#≈≈≈≈≈#..#.####
#....≈##.#....###
#....≈##.#.##...##
#....≈#.>#.#.....#
+######..#.#..~..#
#.......#.#.~...#
#.......#.......#
##........##....@#
...#+#....###~..@#
.....#.....#####.#
...###.#.#.## #.########
...# #.#.#..# #........#
~.## #.#.#..## ########.#
~.# ...#...####### #.#
..########..>......# #.#
...........#######.####.#
..########## #......#.#


You could see Terence.

Vanquished Creatures
  An adder (D:2)
  A worm (D:2)
  2 dart slugs (D:1)
  4 bats (D:1)
  An endoplasm (D:1)
  A giant cockroach (D:1)
  4 goblins (D:1)
  2 hobgoblins (D:1)
  5 quokkas (D:1)
  A ball python (D:1)
  3 frilled lizards (D:1)
  6 kobolds (D:1)
  A rat (D:1)
32 creatures vanquished.

Vanquished Creatures (collateral kills)
  A foxfire (D:1)
1 creature vanquished.

Vanquished Creatures (others)
  94 foxfires
94 creatures vanquished.

Grand Total: 127 creatures vanquished

Notes
Turn   | Place    | Note
-------+----------+-------------------------------------------
     0 | D:1      | lesbiats the Djinni Fire Elementalist began the quest for
                  | the Orb.
     0 | D:1      | lesbiats set off with the following spells memorised:
                  | Foxfire, Scorch, Conjure Flame, Inner Flame, Flame Wave.
     0 | D:1      | Reached XP level 1. HP: 15/15 MP: 0/0
   278 | D:1      | Reached XP level 2. HP: 11/22 MP: 0/0
   284 | D:1      | Reached skill level 1 in Fighting
  1027 | D:1      | Reached XP level 3. HP: 23/27 MP: 0/0
  1027 | D:1      | Learned a level 1 spell: Beastly Appendage
  1832 | D:1      | Found Vegiopru's Assorted Antiques.
  2120 | D:2      | Reached XP level 4. HP: 20/33 MP: 0/0
  2396 | D:2      | Noticed Terence
  2424 | D:2      | Slain by Terence

Illustrated notes

Levels and vault maps discovered:
D:1:      dpeg_arrival_rooms_b, layout_basic, serial_shops,
          nicolae_shop_hallway_plus, dreamdust_princess_bridge
D:2:      layout_basic, shapermc_ecumenical_altar_rom_forum, serial_rivers,
          chequers_serial_rivers_small_3, chequers_serial_rivers_micro_c,
          chequers_serial_rivers_micro_c, chequers_serial_rivers_room_a,
          chequers_serial_rivers_micro_d, chequers_serial_rivers_micro_c,
          uniq_terence

Skill      XL: |  1  2  3 |
---------------+----------+-----
Fighting       | 1 2 |  2.2
Dodging        | |  2.8
Stealth        | |  1.5
Spellcasting   | |  2.7

Action                   |  1- 3 |  4- 6 || total
-------------------------+-------+-------++-------
Melee: Unarmed           |     3 |       ||     3
       Staff             |    28 |     1 ||    29
       Punch             |     1 |       ||     1
 Cast: Foxfire           |    55 |     7 ||    62
       Beastly Appendage |     1 |       ||     1
       Scorch            |       |     1 ||     1
Armor: Robe              |    13 |       ||    13
Dodge: Dodged            |    37 |     8 ||    45

Table legend: (Time is in decaauts)
 A = Elapsed time spent in this place.
 B = Non-inter-level travel time spent in this place.
 C = Inter-level travel time spent in this place.
 D = Time resting spent in this place.
 E = Time spent auto-exploring this place.
 F = Levels seen in this place.
 G = Mean time per level.
                   A        B        C        D        E       F      G
               +--------+--------+--------+--------+--------+-----+--------+
         Total |   2428 |   2371 |     57 |   1291 |    683 |   2 | 1214.0 |
       Dungeon |   2428 |   2371 |     57 |   1291 |    683 |   2 | 1214.0 |
               +--------+--------+--------+--------+--------+-----+--------+

Top non-repeatable levels by time:
     D:1: 1899 daAuts
     D:2: 529 daAuts
